 Dungeon Crawl Stone Soup version 0.30-a0-140-gd1020e658a (webtiles) character file.

Game seed: 8541557269573621859

18250 night the Grappler (level 12, 0/100 HPs)
             Began as a Troll Warper on Sept 24, 2022.
             Was the Champion of Cheibriados.
             Slain by a seven-headed hydra (8 damage)
             ... on level 4 of the Lair of Beasts.
             The game lasted 00:30:58 (10950 turns).

night the Grappler (Troll Warper)                  Turns: 10950, Time: 00:30:58

Health: 0/100      AC: 12    Str: 37    XL:     12   Next: 26%
Magic:  11/16      EV:  8    Int: 28    God:    Cheibriados [******]
Gold:   692        SH: 18    Dex: 24    Spells: 4/13 levels left

rFire   . . .      SeeInvis .    Y - +4 scimitar (flame)
rCold   . . .      Faith    .    w - +0 tower shield
rNeg    . . .      Spirit   .    a - +0 robe
rPois   .          Reflect  .    (helmet restricted)
rElec   .          Harm     .    J - scarf {shadows}
rCorr   .          Rampage  .    (gloves unavailable)
Will    .....                    (boots unavailable)
Stlth   ++........               (no amulet)
HPRegen 1.06/turn                j - +4 ring of protection
MPRegen 0.15/turn                R - +4 ring of protection

@: lethally poisoned (0 -> -18), very slow
A: large, unfitting armour, claws 3, regeneration 1, shaggy fur 1, tough skin 1
a: Renounce Religion, Bend Time, Temporal Distortion, Slouch, Step From Time


You were on level 4 of the Lair of Beasts.
You worshipped Cheibriados.
Cheibriados was exalted by your worship.
You visited 2 branches of the dungeon, and saw 13 of its levels.
You also visited: Bailey.

You collected 692 gold pieces.

Inventory:

Hand Weapons
 e - the +8 whip "Snakebite" {venom, curare, rPois}
   (You found it on level 2 of the Lair of Beasts)

   It poisons the flesh of those it strikes.
   It occasionally inflicts asphyxiating poison on those it strikes, dealing
   poison damage and causing slowness.
   rPois:     It protects you from poison.
 E - the +6 trident of Gof Eppeangi {vamp, Fly Int+5}
   (You found it on level 7 of the Dungeon)

   It occasionally heals its wielder for a portion of the damage dealt when it
   wounds a living foe.
   Int:       It affects your intelligence (+5).
   Fly:       It grants you flight.
 S - the +7 dagger of the Dragonfly {antimagic, rElec}
   (You took it off a centaur on level 9 of the Dungeon)

   It reduces the magical energy of the wielder, and disrupts the spells and
   magical abilities of those it strikes.
   Natural abilities and divine invocations are not affected.
   rElec:     It insulates you from electricity.
 Y - a +4 scimitar of flaming (weapon)
Missiles
 c - 7 boomerangs of dispersal
 B - 23 poisoned darts (quivered)
 L - 5 javelins
 M - 12 boomerangs
 N - 3 throwing nets
 Q - 4 large rocks
Armour
 a - a +0 robe (worn)
 w - a +0 tower shield (worn)
 J - a scarf of shadows (worn)
Jewellery
 j - a +4 ring of protection (left claw)
 p - a ring of positive energy
 t - a ring of protection from fire
 v - a ring of protection from cold
 I - a +4 ring of evasion
 K - the ring "Faiguari" {Dex+6 Slay+3}
   (You found it on level 8 of the Dungeon)

   [ring of dexterity]

   Dex:       It affects your dexterity (+6).
   Slay:      It affects your accuracy & damage with ranged weapons and melee
   (+3).
 R - a +4 ring of protection (right claw)
Wands
 l - a wand of polymorph (3)
 H - a wand of iceblast (22)
 O - a wand of charming (11)
 Z - a wand of flame (8)
Scrolls
 b - 4 scrolls of blinking
 k - a scroll of teleportation
 s - a scroll of immolation
 u - 2 scrolls of fog
 U - a scroll of summoning
 V - 3 scrolls of identify
 W - a scroll of fear
Potions
 d - 3 potions of resistance
 f - 7 potions of curing
 g - 2 potions of mutation {unknown}
 h - 5 potions of brilliance
 i - 2 potions of ambrosia {unknown}
 m - 5 potions of magic {unknown}
 n - a potion of berserk rage
 o - 4 potions of haste
 x - 3 potions of attraction {unknown}
 z - 3 potions of lignification
 A - a potion of flight {unknown}
 C - 3 potions of might {unknown}
 D - a potion of degeneration {unknown}
 F - 8 potions of heal wounds
 G - 2 potions of cancellation {unknown}
Miscellaneous
 r - a lightning rod (4/4)
 P - a phial of floods
 T - a condenser vane (inert)
 X - a phantom mirror


   Skills:
 - Level 1.5 Fighting
 - Level 0.8 Throwing
 - Level 1.9 Dodging
 + Level 9.0 Shields
 + Level 11.4 Unarmed Combat
 - Level 1.2 Spellcasting
 + Level 9.0 Translocations
 + Level 7.3 Invocations
 + Level 1.9 Evocations


You had 4 spell levels left.
You knew the following spells:

 Your Spells              Type           Power      Damage    Failure   Level
a - Blink                 Tloc           100%       N/A       1%          2
b - Manifold Assault      Tloc           51%        N/A       11%         4
c - Lesser Beckoning      Tloc           51%        N/A       3%          3

Your spell library contained the following spells:

 Spells                   Type           Power      Damage    Failure   Level
 Gell's Gravitas          Tloc           51%        N/A       3%          3
 Teleport Other           Tloc           51%        N/A       3%          3
 Passage of Golubria      Tloc           51%        N/A       11%         4
 Stone Arrow              Conj/Erth      2%         3d7       78%         3
 Tukima's Dance           Hex            1%         N/A       78%         3
 Animate Armour           Summ/Erth      2%         N/A       99%         4
 Petrify                  Tmut/Erth      1%         N/A       99%         4
 Freezing Cloud           Conj/Ice/Air   0%         6-21      100%        5
 Metabolic Englaciation   Hex/Ice        0%         N/A       100%        5
 Yara's Violent Unravell  Hex/Tmut       0%         3d3       100%        5
 Simulacrum               Ice/Necr       0%         N/A       100%        6
 Statue Form              Tmut/Erth      0%         N/A       100%        6
 Lehudib's Crystal Spear  Conj/Erth      0%         10d2      100%        8
 Polar Vortex             Ice            0%         N/A       100%        9


Dungeon Overview and Level Annotations

Branches:
Dungeon (10/15)              Lair (2/5) D:10         Shoals (0/4) Lair:2
  Snake (0/4) Lair:2       Bailey (visited)
 Temple: D:4-7          Orc: D:9-12

Altars:
Cheibriados
Dithmenos
Elyvilon
Fedhas
Gozag
Kikubaaqudgha
Makhleb
Nemelex Xobeh
Okawaru
Xom
Yredelemnul
Lugonu

Portals:
Abyss: D:5

Annotations:
D:5 Pikel


Innate Abilities, Weirdness & Mutations

You are too large for most types of armour.
You have claws for hands.
Your natural rate of healing is unusually fast.
You are covered in fur. (AC +1)
You have tough skin. (AC +1)


Message History

You are more poisoned.
The black mamba poisons you!
You block the eight-headed hydra's attack.
The eight-headed hydra bites you but does no damage.
The eight-headed hydra bites you.
You block the eight-headed hydra's attack.
The eight-headed hydra bites you. x2
The eight-headed hydra bites you but does no damage.
You block the eight-headed hydra's attack.
The black mamba bites you.
You are more poisoned.
The black mamba poisons you!
Activating: Slouch (6% risk of failure)
Press: ? - help, Dir - look around, f - activate You can feel time thicken for a moment.
You kill the black mamba!
Cheibriados thoroughly appreciates the change of pace.
You feel extremely sick.
You block the eight-headed hydra's attack.
The eight-headed hydra closely misses you.
You block the eight-headed hydra's attack.
The eight-headed hydra bites you but does no damage.
The eight-headed hydra barely misses you.
The eight-headed hydra bites you. The eight-headed hydra bites you!
* * * LOW HITPOINT WARNING * * *
The eight-headed hydra bites you.
* * * LOW HITPOINT WARNING * * *
You chop one of the eight-headed hydra's heads off!
The flame cauterises the wound!
You slice the seven-headed hydra!! You burn the seven-headed hydra!
The seven-headed hydra is severely wounded.
* * * LOW HITPOINT WARNING * * *
You feel extremely sick. The seven-headed hydra bites you.
* * * LOW HITPOINT WARNING * * *
The seven-headed hydra closely misses you.
The seven-headed hydra bites you.
* * * LOW HITPOINT WARNING * * *
The seven-headed hydra bites you!
You die...

#.## #..#### #..#..#
#. ....# #.
##D.P###.. #.#
###@#....... ###..
##.##........
##....##.#...##.....
#......##....# ....
........?..### ...
.........### ..
......##...# .
.....# ##.... ###.#
.....


You could see a seven-headed hydra.

Vanquished Creatures
  Harold (D:9)
  Erica (Lair:2)
  A hydra (D:9)
  A centaur warrior (D:9)
  3 two-headed ogres (D:9)
  2 catoblepae (Lair:1)
  An ugly thing (D:9)
  An orc knight (Bailey)
  2 black mambas
  2 cane toads (Lair:1)
  A smoke demon (D:10)
  A kobold demonologist (D:9)
  A komodo dragon (Lair:1)
  An unseen horror (D:10)
  An efreet (D:9)
  A hornet (D:9)
  4 blink frogs (Lair:2)
  A wraith (D:10)
  8 yaks (Lair:1)
  2 wyverns
  A basilisk (Lair:2)
  Menkaure (D:7)
  A naga (D:7)
  12 water moccasins
  An acid dragon (D:9)
  2 orc warriors (D:9)
  3 ice beasts
  2 sky beasts
  A black bear (Lair:2)
  2 ogres
  A wolf (Lair:1)
  6 centaurs
  A kobold brigand (D:10)
  18 bullfrogs
  2 necrophages
  2 scorpions
  4 wights (D:10)
  26 killer bees
  2 electric eels
  4 jellies
  4 hounds
  2 orc priests
  6 iguanas
  6 hell rats (Lair:1)
  6 orc wizards
  10 gnolls (Bailey)
  7 adders
  A shadow imp (D:5)
  A white imp (D:7)
  An ufetubus (D:5)
  A worm (D:3)
  2 dart slugs
  38 orcs
  9 ball pythons
  4 bats
  10 endoplasms
  5 giant cockroaches
  8 goblins
  11 hobgoblins
  7 jackals
  5 quokkas
  5 frilled lizards
  9 kobolds
  7 rats
  A lurking horror (D:5)
294 creatures vanquished.

Vanquished Creatures (others)
  An orc wizard (D:9)
  A hell rat (Lair:1)
  9 fungi
  6 plants
17 creatures vanquished.

Grand Total: 311 creatures vanquished

Notes
Turn   | Place    | Note
-------+----------+-------------------------------------------
     0 | D:1      | night the Troll Warper began the quest for the Orb.
     0 | D:1      | Reached XP level 1. HP: 19/19 MP: 1/1
   134 | D:1      | Reached XP level 2. HP: 27/27 MP: 2/2
   148 | D:1      | Learned a level 2 spell: Blink
   852 | D:2      | Reached XP level 3. HP: 33/33 MP: 3/3
   908 | D:2      | Reached skill level 3 in Unarmed Combat
  1360 | D:3      | Reached XP level 4. HP: 41/41 MP: 4/4
  1383 | D:3      | Found a basalt altar of Yredelemnul.
  1385 | D:3      | Found a shimmering altar of Xom.
  1393 | D:3      | Found an iron altar of Okawaru.
  1481 | D:3      | Found a blossoming altar of Fedhas.
  1500 | D:3      | You fall into a shaft and drop 3 floors!
  1558 | D:5      | Entered Level 5 of the Dungeon
  1558 | D:5      | Noticed Pikel
  1558 | D:5      | Noticed an ogre
  1559 | D:5      | Noticed a lemure
  1559 | D:5      | Noticed a lemure
  1573 | D:5      | Found a corrupted altar of Lugonu.
  1574 | D:5      | Found a one-way gate to the infinite horrors of the Abyss.
  1581 | D:5      | Noticed a lemure
  1739 | D:5      | Reached XP level 5. HP: 47/48 MP: 5/5
  1775 | D:5      | Found a white marble altar of Elyvilon.
  1825 | D:5      | Reached skill level 4 in Unarmed Combat
  1904 | D:5      | Learned a level 4 spell: Manifold Assault
  1930 | D:5      | Killed an ogre
  1931 | D:5      | Reached XP level 6. HP: 42/55 MP: 1/6
  1986 | D:5      | Found a snail-covered altar of Cheibriados.
  1992 | D:5      | Became a worshipper of Cheibriados the Contemplative
  2040 | D:5      | Reached skill level 5 in Unarmed Combat
  2432 | D:4      | Reached * piety under Cheibriados
  2436 | D:4      | Reached XP level 7. HP: 47/62 MP: 7/7
  3005 | D:3      | Reached ** piety under Cheibriados
  3032 | D:3      | Reached skill level 1 in Shields
  3184 | D:3      | Found a shadowy altar of Dithmenos.
  3395 | D:3      | Found a sparkling altar of Nemelex Xobeh.
  3395 | D:3      | Found an opulent altar of Gozag.
  3690 | D:7      | Noticed a wyvern
  3700 | D:7      | Killed a wyvern
  3701 | D:7      | Reached skill level 2 in Shields
  3701 | D:7      | Reached skill level 6 in Unarmed Combat
  3701 | D:7      | Reached skill level 5 in Translocations
  3787 | D:7      | Identified the +6 trident of Gof Eppeangi {vamp, Fly Int+5}
  3885 | D:7      | Reached XP level 8. HP: 47/70 MP: 8/8
  4088 | D:7      | HP: 9/70 [killer bee (2)]
  4089 | D:7      | HP: 2/70 [killer bee (3)]
  4094 | D:7      | HP: 6/70 [killer bee (3)]
  4098 | D:7      | Noticed Menkaure
  4156 | D:7      | Found a flagged portal.
  4168 | D:7      | Reached skill level 7 in Unarmed Combat
  4176 | Bailey   | Entered a bailey
  4211 | Bailey   | Reached *** piety under Cheibriados
  4423 | Bailey   | Noticed an orc knight
  4431 | Bailey   | Killed an orc knight
  4670 | D:7      | Killed Menkaure
  4671 | D:7      | Reached XP level 9. HP: 42/75 MP: 9/9
  4742 | D:7      | HP: 7/76 [poisoned by a killer bee]
  4747 | D:7      | HP: 5/76 [poisoned by a killer bee]
  4753 | D:7      | HP: 8/76 [poisoned by a killer bee]
  4829 | D:7      | Noticed Joseph
  4832 | D:7      | Joseph changed into Joseph the naga
  4832 | D:7      | Noticed Joseph
  4843 | D:7      | Killed Joseph the naga
  4843 | D:7      | Reached **** piety under Cheibriados
  4966 | D:7      | Reached skill level 8 in Unarmed Combat
  4991 | D:7      | Reached skill level 5 in Shields
  5423 | D:7      | Reached skill level 1 in Invocations
  5595 | D:8      | Learned a level 3 spell: Lesser Beckoning
  5729 | D:8      | Reached skill level 2 in Invocations
  5737 | D:8      | Reached ***** piety under Cheibriados
  5862 | D:8      | Identified the ring "Faiguari" {Dex+6 Slay+3}
  6210 | D:9      | Noticed Harold
  6225 | D:9      | Killed Harold
  6226 | D:9      | Reached skill level 9 in Unarmed Combat
  6226 | D:9      | Reached XP level 10. HP: 39/85 MP: 9/11
  6298 | D:9      | Noticed a two-headed ogre
  6320 | D:9      | Noticed a seven-headed hydra
  6321 | D:9      | Identified the +7 dagger of the Dragonfly {antimagic,
                  | rElec}
  6341 | D:9      | Noticed a green ugly thing
  6359 | D:9      | Killed a green ugly thing
  6436 | D:9      | Noticed a centaur warrior
  6448 | D:9      | Killed a centaur warrior
  6449 | D:9      | Killed a seven-headed hydra
  6570 | D:9      | Noticed a two-headed ogre
  6576 | D:9      | Killed a two-headed ogre
  6654 | D:9      | HP: 7/85 [two-headed ogre/+0 giant spiked club (14)]
  6660 | D:9      | Killed a two-headed ogre
  6661 | D:9      | Reached skill level 5 in Invocations
  6719 | D:9      | Reached skill level 10 in Unarmed Combat
  6758 | D:9      | Reached XP level 11. HP: 52/92 MP: 13/13
  7037 | D:9      | Found an ancient bone altar of Kikubaaqudgha.
  7097 | D:9      | Paralysed by a hornet for 3 turns
  7123 | D:9      | Noticed a two-headed ogre
  7131 | D:9      | Killed a two-headed ogre
  7695 | D:10     | Entered Level 10 of the Dungeon
  7964 | D:10     | Found a staircase to the Lair.
  8158 | D:10     | Found a burning altar of Makhleb.
  8784 | Lair:1   | Entered Level 1 of the Lair of Beasts
  8888 | Lair:1   | Reached ****** piety under Cheibriados
  8991 | Lair:1   | Noticed a catoblepas
  9013 | Lair:1   | Killed a catoblepas
  9090 | Lair:1   | Noticed a catoblepas
  9106 | Lair:1   | HP: 5/78 [catoblepas (24)]
  9106 | Lair:1   | HP: 1/78 [cane toad (4)]
  9115 | Lair:1   | HP: 9/78 [catoblepas/blast of calcifying dust (5)]
  9296 | Lair:1   | Killed a catoblepas
  9297 | Lair:1   | Reached skill level 11 in Unarmed Combat
  9847 | Lair:1   | Reached skill level 1 in Evocations
  9847 | Lair:1   | Reached XP level 12. HP: 93/100 MP: 16/16
 10180 | Lair:2   | Noticed Erica
 10195 | Lair:2   | Killed Erica
 10359 | Lair:2   | Found a staircase to the Shoals.
 10628 | Lair:2   | Found the +8 whip "Snakebite" {venom, curare, rPois}
 10793 | Lair:2   | Found a staircase to the Snake Pit.
 10929 | Lair:2   | You fall into a shaft and drop 2 floors!
 10944 | Lair:4   | Noticed an eight-headed hydra
 10950 | Lair:4   | HP: 14/100 [poisoned by a black mamba]
 10950 | Lair:4   | Slain by a seven-headed hydra

Illustrated notes

Levels and vault maps discovered:
D:1:      heliophobic_arrival_ceremonial_halls, layout_basic,
          dreamdust_mushroom_princess, fountainhead,
          chequers_serial_rivers_micro_a, minivault_27
D:2:      layout_basic
D:3:      layout_loops_cross, grunt_temple_overflow_opulence,
          mainiacjoe_overflow_surrounded_room, grunt_temple_overflow_open,
          fedhas_ov_isle_minmay
D:4:      layout_loops_ring, minmay_distorted
D:5:      layout_cave_pools, mainiacjoe_overflow_24_doors,
          kennysheep_little_box, grunt_decor_mini_mirrors,
          amcnicky_altar_lugonu_corruption, uniq_pikel
D:6:      layout_rooms, nicolae_ru_awakened_eye, minmay_temple_entry_fiery,
          serial_shops, nicolae_inconvenience_store
D:7:      layout_layer_cave, enter_bailey_2, uniq_joseph, uniq_menkaure
D:8:      layout_loops_cross
D:9:      layout_loops_ring, mainiacjoe_overflow_chevrons,
          minmay_fractal_squares_gapless_7, uniq_harold
D:10:     layout_basic, demons_altar, lair_entry_dummy
Lair:1:   layout_hall_layers, nicolae_lair_lil_pond, beast_lair_carwin_7,
          grunt_megastairs_2, infiniplex_staircase_pool, lemuel_fruit_fields
Lair:2:   minmay_guarded_unrand_snakebite, layout_hall_layers,
          elwin_shoals_entry_rocks, dummy_snake_entry,
          nicolae_quartered_pool_impasse, serial_bayou_pond_d, uniq_erica
Lair:4:   layout_layer_cave, st_stairs_11, grunt_megastairs_3, uniq_josephine

Skill      XL: |  1  2  3  4  5  6  7  8  9 10 11 12 |
---------------+-------------------------------------+-----
Unarmed Combat | 3 4 5 6 7 9 10 11 | 11.4
Translocations | 3 4 5 6 7 8 9 |  9.0
Shields        | 2 4 6 7 8 9 |  9.0
Invocations    | 3 5 6 7 |  7.3
Evocations     | 1 |  1.9
Fighting       | |  1.5
Throwing       | |  0.8
Dodging        | |  1.9
Spellcasting   | |  1.2

Action                   |  1- 3 |  4- 6 |  7- 9 | 10-12 || total
-------------------------+-------+-------+-------+-------++-------
Melee: Unarmed           |   114 |   122 |   340 |   380 ||   956
       Punch             |     1 |     3 |       |       ||     4
       Trident           |       |       |       |     2 ||     2
       Scimitar          |       |       |       |     2 ||     2
Throw: Dart              |       |       |     2 |       ||     2
 Cast: Blink             |       |       |       |     2 ||     2
       Lesser Beckoning  |       |       |       |     2 ||     2
       Manifold Assault  |       |       |       |    16 ||    16
Invok: Slouch            |       |       |       |     1 ||     1
Evoke: Wand              |       |       |     2 |     4 ||     6
       Condenser vane    |       |       |       |     1 ||     1
  Use: Scroll            |       |     4 |     1 |    11 ||    16
       Potion            |       |       |     5 |       ||     5
 Stab: Sleeping          |     3 |       |     7 |     3 ||    13
       Distracted        |     1 |       |       |       ||     1
Armor: Robe              |    39 |    59 |   138 |   107 ||   343
Dodge: Dodged            |    49 |    59 |   148 |   101 ||   357
Block: Tower shield      |       |     5 |   312 |   396 ||   713

Table legend: (Time is in decaauts)
 A = Elapsed time spent in this place.
 B = Non-inter-level travel time spent in this place.
 C = Inter-level travel time spent in this place.
 D = Time resting spent in this place.
 E = Time spent auto-exploring this place.
 F = Levels seen in this place.
 G = Mean time per level.
                   A        B        C        D        E       F      G
               +--------+--------+--------+--------+--------+-----+--------+
         Total |  15790 |  15023 |    767 |    800 |  10928 |  14 | 1127.9 |
       Dungeon |  11502 |  10825 |    677 |    508 |   8015 |  10 | 1150.2 |
          Lair |   3710 |   3620 |     90 |    213 |   2688 |   3 | 1236.7 |
        Bailey |    576 |    576 |      0 |     78 |    223 |   1 |  576.0 |
               +--------+--------+--------+--------+--------+-----+--------+

Top non-repeatable levels by time:
  Lair:1: 2324 daAuts
     D:9: 2264 daAuts
     D:7: 1971 daAuts
    D:10: 1811 daAuts
  Lair:2: 1352 daAuts
     D:8: 1189 daAuts
     D:4: 959 daAuts
     D:3: 898 daAuts
     D:1: 808 daAuts
     D:5: 738 daAuts
  Bailey: 576 daAuts
     D:2: 486 daAuts
     D:6: 375 daAuts
  Lair:4: 33 daAuts
